[Event "Titled Tuesday Blitz June 6 Late 2023"]
[White "Brown, Raehanna"]
[Black "Ruiz Aguilar, Pablo Alexander"]
[WhiteFideId "7402740"]
[BlackFideId "4401352"]
[WhiteElo "1655"]
[BlackElo "2111"]
[Result "0-1"]
[Round "8"]
[TimeControl "180+2"]
[Date "2023.06.07"]
[WhiteClock "0:01:13"]
[BlackClock "0:01:35"]
[Board "121"]

1. c4 c6 2. e4 d5 3. cxd5 cxd5 4. exd5 Qxd5 5. Nc3 Qd8 6. Nf3 Nf6 7. d4 e6 8. Be2 a6 9. O-O Be7 10. Ne5 O-O 11. Bf3 Nbd7 12. Nxd7 Qxd7 13. Bg5 Rb8 14. Rc1 b5 15. Bxf6 Bxf6 16. d5 Bxc3 17. Rxc3 Bb7 18. dxe6 Qxe6 19. a3 Bxf3 20. Rxf3 b4 21. Qa4 bxa3 22. bxa3 Rb5 23. Re3 Qb6 24. h3 h6 25. Rg3 Rg5 26. Rxg5 hxg5 27. Re1 Qd6 28. Re3 Rd8 29. Re8+ Rxe8 30. Qxe8+ Kh7 31. Qe4+ g6 32. Qb7 Kg7 33. Qb2+ Qf6 34. Qxf6+ Kxf6 35. Kf1 Ke5 36. Ke2 Kd4 37. g3 Kc4 38. f4 gxf4 39. gxf4 Kb3 40. f5 Kxa3 41. fxg6 fxg6 42. Kf3 a5 43. Kg4 a4 44. h4 Kb3 45. Kg5 a3 46. Kxg6 a2 47. h5 a1=Q 48. h6 Qh8 49. h7 Kc4 50. Kh6 Kd5 51. Kg6 Ke6 52. Kh6 Kf6 53. Kh5 Qxh7+ 54. Kg4 Qe4+ 55. Kh5 Qg2 56. Kh4 Kf5 57. Kh5 Qg5# 0-1


[Site "https://www.chess.com"]

[Event "Titled Tuesday Blitz June 6 Late 2023"]
[White "Araujo Filho, Luiz Antonio Coel"]
[Black "Magallanes, Rey Jomar"]
[WhiteFideId "2130661"]
[BlackFideId "5205948"]
[WhiteElo "2056"]
[BlackElo "2292"]
[Result "1-0"]
[Round "8"]
[TimeControl "180+2"]
[Date "2023.06.07"]
[WhiteClock "0:02:29"]
[BlackClock "0:02:28"]
[Board "122"]

1. d4 d5 2. Nf3 e6 3. e3 Nf6 4. Bd3 Bd6 5. Nbd2 Nbd7 6. Qe2 Qe7 7. e4 c6 8. e5 Bc7 9. exf6 Nxf6 10. O-O O-O 11. c3 b6 12. Ne5 Bb7 13. f4 c5 14. Ndf3 Ne4 15. Kh1 f6 16. Ng4 h5 17. Nf2 f5 18. Ne5 Qh4 19. Nxe4 dxe4 20. Bc4 Bd5 21. Bxd5 exd5 22. Ng6 Qf6 23. Nxf8 Rxf8 24. Be3 Qh4 25. dxc5 g5 26. Qf2 Qg4 27. h3 gxf4 28. hxg4 fxg4 29. Bxf4 Bxf4 30. Qxf4 Rxf4 31. Rxf4 1-0


[Site "https://www.chess.com"]

[Event "Titled Tuesday Blitz June 6 Late 2023"]
[White "zano2023"]
[Black "Sarkar, Justin"]
[BlackFideId "2010011"]
[WhiteElo "2136"]
[BlackElo "2151"]
[Result "1-0"]
[Round "8"]
[TimeControl "180+2"]
[Date "2023.06.07"]
[WhiteClock "0:00:23"]
[BlackClock "0:00:13"]
[Board "123"]

1. c4 h6 2. d4 c6 3. Nc3 d5 4. Nf3 Nf6 5. g3 e6 6. Bg2 Nbd7 7. O-O dxc4 8. Nd2 Nb6 9. e3 Bb4 10. Qe2 O-O 11. Nxc4 c5 12. dxc5 Bxc5 13. Rd1 Qe7 14. b3 Nxc4 15. Qxc4 Rb8 16. Bb2 b6 17. Ne4 Nxe4 18. Bxe4 Bb7 19. Qc3 f6 20. Bg6 Rbc8 21. Rac1 Ba3 22. Qd2 Rxc1 23. Qxc1 Rc8 24. Qd2 Bxb2 25. Qxb2 f5 26. Qe5 Qf6 27. Qxf6 gxf6 28. e4 1-0


[Site "https://www.chess.com"]

[Event "Titled Tuesday Blitz June 6 Late 2023"]
[White "Swicarz, Maciej"]
[Black "campochess"]
[WhiteFideId "1113585"]
[WhiteElo "2181"]
[BlackElo "2155"]
[Result "1-0"]
[Round "8"]
[TimeControl "180+2"]
[Date "2023.06.07"]
[WhiteClock "0:01:09"]
[BlackClock "0:01:19"]
[Board "124"]

1. e4 d6 2. d4 Nf6 3. Nc3 g6 4. f3 Bg7 5. Be3 Nfd7 6. Qd2 h5 7. O-O-O c6 8. Kb1 b5 9. Nce2 Nb6 10. Nc1 N8d7 11. d5 cxd5 12. Bxb5 Nc4 13. Bxc4 dxc4 14. Bd4 Nf6 15. Nge2 O-O 16. Nf4 e5 17. Bxe5 Be6 18. Qxd6 Qa5 19. Bc3 Qb5 20. Nxe6 fxe6 21. Qxe6+ Kh7 22. Rd6 Rae8 23. Qh3 Rb8 24. b3 cxb3 25. axb3 Rb6 26. Rhd1 Nxe4 27. fxe4 Bxc3 28. Qxc3 Rf7 29. Rd8 Rg7 30. R1d7 Rxd7 31. Qh8# 1-0


[Site "https://www.chess.com"]

[Event "Titled Tuesday Blitz June 6 Late 2023"]
[White "el_sporco"]
[Black "dorpato"]
[WhiteElo "2412"]
[BlackElo "2060"]
[Result "1-0"]
[Round "8"]
[TimeControl "180+2"]
[Date "2023.06.07"]
[WhiteClock "0:00:38"]
[BlackClock "0:00:01"]
[Board "125"]

1. e4 c5 2. Nf3 g6 3. d4 cxd4 4. Nxd4 Bg7 5. Nc3 Nc6 6. Be3 Nf6 7. Bc4 O-O 8. Bb3 d6 9. f3 a5 10. Qd2 Bd7 11. O-O-O Nxd4 12. Bxd4 b5 13. Nd5 Nxd5 14. Bxg7 Kxg7 15. Bxd5 Rc8 16. Qd4+ Kg8 17. Rd2 Rc5 18. a3 a4 19. e5 Qc7 20. exd6 Qxd6 21. Rhd1 Rfc8 22. c3 Bf5 23. Be4 Bxe4 24. Qxd6 exd6 25. fxe4 Re5 26. Rd4 Rce8 27. Rd5 Rxe4 28. Rxb5 Re2 29. Rd2 Re1+ 30. Kc2 Rh1 31. Rbd5 Rxh2 32. Rxd6 h5 33. c4 h4 34. c5 Rc8 35. c6 Kg7 36. Kc3 h3 37. gxh3 Rxh3+ 38. Kc4 g5 39. Kc5 g4 40. R6d3 Rxd3 41. Rxd3 f5 42. Kb6 f4 43. Kb7 Rf8 44. c7 f3 45. Rd4 1-0


[Site "https://www.chess.com"]

[Event "Titled Tuesday Blitz June 6 Late 2023"]
[White "NtcPou"]
[Black "Osmonbekov, Talaibek"]
[BlackFideId "2017253"]
[WhiteElo "2049"]
[BlackElo "2135"]
[Result "0-1"]
[Round "8"]
[TimeControl "180+2"]
[Date "2023.06.07"]
[WhiteClock "0:00:16"]
[BlackClock "0:01:17"]
[Board "126"]

1. e4 c5 2. Nf3 d6 3. Bb5+ Bd7 4. Bxd7+ Qxd7 5. c4 Nf6 6. Nc3 Nc6 7. d4 cxd4 8. Nxd4 g6 9. O-O Bg7 10. f3 Nxe4 11. fxe4 Nxd4 12. Be3 Ne6 13. Rc1 O-O 14. Nd5 b6 15. Qd2 Nc5 16. Bxc5 bxc5 17. Kh1 Rab8 18. b3 Rbe8 19. Rf3 f5 20. exf5 Rxf5 21. Rcf1 Ref8 22. Qe2 e6 23. Ne3 Rxf3 24. Rxf3 h6 25. h3 Rxf3 26. Qxf3 Qf7 27. Qa8+ Kh7 28. Qe4 Bd4 29. Ng4 Qf1+ 30. Kh2 h5 31. Qb7+ Bg7 32. Qe4 hxg4 0-1


[Site "https://www.chess.com"]

[Event "Titled Tuesday Blitz June 6 Late 2023"]
[White "Vargas, Mauricio"]
[Black "Tarnowska, Aleksandra"]
[WhiteFideId "4404572"]
[BlackFideId "1180967"]
[WhiteElo "1986"]
[BlackElo "1776"]
[Result "0-1"]
[Round "8"]
[TimeControl "180+2"]
[Date "2023.06.07"]
[WhiteClock "0:00:02"]
[BlackClock "0:00:17"]
[Board "127"]

1. e4 c5 2. Nc3 g6 3. f4 Bg7 4. Nf3 d6 5. Bb5+ Bd7 6. Bxd7+ Nxd7 7. d3 Ngf6 8. O-O Rb8 9. Qe1 b5 10. e5 dxe5 11. fxe5 Ng4 12. e6 Nde5 13. exf7+ Nxf7 14. h3 Nf6 15. Bf4 Rb6 16. g4 O-O 17. Qh4 e5 18. Bxe5 Nxe5 19. Nxe5 Qd4+ 20. Qf2 Qxe5 21. Kg2 Nd5 22. Qg3 Ne3+ 23. Kh2 Nxf1+ 24. Rxf1 Qxg3+ 25. Kxg3 Rxf1 26. Nd5 Rd6 27. Ne7+ Kf7 0-1


[Site "https://www.chess.com"]

[Event "Titled Tuesday Blitz June 6 Late 2023"]
[White "Kovalev, Vladislav"]
[Black "Duda, Jan-Krzysztof"]
[WhiteFideId "13504398"]
[BlackFideId "1170546"]
[WhiteElo "2555"]
[BlackElo "2783"]
[Result "1/2-1/2"]
[Round "9"]
[TimeControl "180+2"]
[Date "2023.06.07"]
[WhiteClock "0:00:11"]
[BlackClock "0:00:05"]
[Board "1"]

1. e4 c5 2. Nf3 d6 3. Bb5+ Bd7 4. Bxd7+ Nxd7 5. c4 Ngf6 6. Nc3 Rc8 7. O-O g6 8. b3 a6 9. Bb2 Bg7 10. d4 cxd4 11. Nxd4 O-O 12. Re1 e6 13. Qe2 Qa5 14. Rad1 Rfd8 15. Qd2 Qc7 16. h3 Nc5 17. Qe3 Nfd7 18. b4 Ne5 19. bxc5 Nxc4 20. Qe2 Nxb2 21. Qxb2 dxc5 22. Nf3 b5 23. e5 Rxd1 24. Nxd1 c4 25. Nc3 Bf8 26. Ne4 c3 27. Qc2 b4 28. Rd1 Rd8 29. Nf6+ Kg7 30. Rd4 Be7 31. Rd7 Qc5 32. Ne4 Rxd7 33. Nxc5 Bxc5 34. Kf1 Rd5 35. Ke2 a5 36. h4 h6 37. g4 Bb6 38. h5 g5 39. Qa4 Bc7 40. Qc6 Bd8 41. Ke3 Be7 42. Qa4 Rc5 43. Qc2 Rd5 44. Ke2 Bc5 45. Qe4 Bb6 46. Qc2 Bc7 47. Qa4 Bxe5 48. Nxe5 Rxe5+ 49. Kf3 Rc5 50. Qc2 Rc4 51. Ke3 Rxg4 52. Qd3 Rf4 53. Ke2 Rf5 54. Qd4+ Kh7 55. Qe4 Kg8 56. Qa8+ Kg7 57. Qe4 Rd5 58. f4 gxf4 59. Qxf4 Rxh5 60. Qg4+ Rg5 61. Qd4+ Kg6 62. Qe4+ Rf5 63. Qg4+ Kh7 64. Qe4 h5 65. Kd3 Kh6 66. Kc2 Kg5 67. Kb3 h4 68. a3 bxa3 69. Kxc3 Rf4 70. Qe5+ Kg4 71. Qg7+ Kf3 72. Kb3 h3 73. Qh6 Kg3 74. Qg5+ Rg4 75. Qe3+ Kg2 76. Qe2+ Kg3 77. Qe3+ Kh4 78. Qh6+ Kg3 79. Qe3+ 1/2-1/2


[Site "https://www.chess.com"]

[Event "Titled Tuesday Blitz June 6 Late 2023"]
[White "Moroni, Luca Jr"]
[Black "Nakamura, Hikaru"]
[WhiteFideId "865834"]
[BlackFideId "2016192"]
[WhiteElo "2569"]
[BlackElo "2874"]
[Result "0-1"]
[Round "9"]
[TimeControl "180+2"]
[Date "2023.06.07"]
[WhiteClock "0:00:27"]
[BlackClock "0:00:41"]
[Board "2"]

1. d4 g6 2. e4 Bg7 3. Nc3 a6 4. f4 d6 5. Nf3 Bg4 6. Be3 Nc6 7. Be2 e6 8. Qd2 Nge7 9. O-O-O d5 10. Ne5 Bxe2 11. Qxe2 Qd6 12. Nxc6 Qxc6 13. exd5 Nxd5 14. Nxd5 Qxd5 15. Kb1 O-O-O 16. Bf2 Qxg2 17. Qe3 Qd5 18. Rhg1 Bf6 19. Rd3 Rd6 20. Rgd1 Rhd8 21. b3 Qf5 22. Kc1 h5 23. c4 e5 24. d5 Qxf4 25. Qxf4 exf4 26. Re1 g5 27. Kc2 g4 28. Re4 f3 29. Bg3 R6d7 30. Rf4 Be5 31. Rf5 Bxg3 32. hxg3 Rh8 33. Rd4 Re7 34. a4 Re2+ 35. Kc3 Rhe8 36. Kb4 R8e4 37. Rd1 R4e3 38. d6 cxd6 39. Rxd6 h4 40. Rxf7 hxg3 41. Rdd7 Re7 42. Rdxe7 Rxe7 43. Rxe7 g2 0-1


[Site "https://www.chess.com"]

[Event "Titled Tuesday Blitz June 6 Late 2023"]
[White "Andreikin, Dmitry"]
[Black "Deac, Bogdan-Daniel"]
[WhiteFideId "4158814"]
[BlackFideId "1226380"]
[WhiteElo "2736"]
[BlackElo "2644"]
[Result "0-1"]
[Round "9"]
[TimeControl "180+2"]
[Date "2023.06.07"]
[WhiteClock "0:00:05"]
[BlackClock "0:00:05"]
[Board "3"]

1. c4 e6 2. Nf3 d5 3. g3 Nf6 4. Bg2 Be7 5. O-O O-O 6. d4 dxc4 7. Qc2 b5 8. a4 Bb7 9. axb5 a6 10. bxa6 Nxa6 11. Qxc4 Bd5 12. Qd3 Nb4 13. Rxa8 Qxa8 14. Qd1 Na2 15. Nc3 Nxc3 16. bxc3 h6 17. Bf4 c5 18. Be5 Ne4 19. dxc5 Bxc5 20. Bd4 Rc8 21. Qd3 Bxd4 22. cxd4 Rc3 23. Qb1 Rb3 24. Qa1 Ra3 25. Qc1 Nc3 26. Re1 Nxe2+ 27. Rxe2 Ra1 28. Qxa1 Qxa1+ 29. Re1 Qc3 30. Re3 Qb2 31. h4 g6 32. Ne5 Bxg2 33. Kxg2 Qxd4 34. Nf3 Qd5 35. Re5 Qc6 36. Re3 Kg7 37. Kg1 Qd5 38. Ne5 g5 39. hxg5 hxg5 40. Nf3 f6 41. Ne1 e5 42. Nf3 e4 43. Ne1 f5 44. Ng2 Kf6 45. Re1 Qd4 46. Rb1 Qd2 47. Rb6+ Kf7 48. Rb1 f4 49. gxf4 gxf4 50. Nxf4 Qxf4 51. Rb3 Ke6 52. Rg3 Kd5 53. Kf1 Kd4 54. Ke2 Qc1 55. Re3 Qxe3+ 56. fxe3+ Kc3 0-1


[Site "https://www.chess.com"]

[Event "Titled Tuesday Blitz June 6 Late 2023"]
[White "Nepomniachtchi, Ian"]
[Black "Zhigalko, Sergei"]
[WhiteFideId "4168119"]
[BlackFideId "13502956"]
[WhiteElo "2781"]
[BlackElo "2626"]
[Result "1-0"]
[Round "9"]
[TimeControl "180+2"]
[Date "2023.06.07"]
[WhiteClock "0:00:33"]
[BlackClock "0:00:03"]
[Board "4"]

1. e4 c5 2. Nf3 Nc6 3. d4 cxd4 4. Nxd4 Nf6 5. Nc3 e5 6. Ndb5 d6 7. Bg5 a6 8. Na3 b5 9. Nd5 Be7 10. Bxf6 Bxf6 11. c4 b4 12. Nc2 O-O 13. h4 a5 14. g3 Be6 15. Qd3 a4 16. Nce3 Nd4 17. O-O-O Qb8 18. Kb1 Bd8 19. f4 b3 20. a3 Bb6 21. f5 Bxd5 22. Nxd5 f6 23. g4 Nc2 24. g5 Bd4 25. Qg3 Kh8 26. h5 fxg5 27. Qxg5 h6 28. Qg3 Qa7 29. Rh3 Qc5 30. f6 Ra7 31. Rh2 gxf6 32. Rg2 Be3 33. Bd3 Bg5 34. Bxc2 bxc2+ 35. Rxc2 Rb7 36. Rd3 Rfb8 37. Ka2 Rb3 38. Nb4 R3xb4 39. axb4 Qxb4 40. Qf3 Kg7 41. Qf5 Rb7 42. Qe6 Kf8 43. c5 a3 44. Rxa3 Kg7 45. cxd6 Qxe4 46. Rc7+ Rxc7 47. dxc7 Qc4+ 48. Qxc4 1-0


[Site "https://www.chess.com"]

[Event "Titled Tuesday Blitz June 6 Late 2023"]
[White "Kollars, Dmitrij"]
[Black "Martinez Alcantara, Jose Eduardo"]
[WhiteFideId "12909572"]
[BlackFideId "3805662"]
[WhiteElo "2584"]
[BlackElo "2711"]
[Result "0-1"]
[Round "9"]
[TimeControl "180+2"]
[Date "2023.06.07"]
[WhiteClock "0:00:01"]
[BlackClock "0:00:05"]
[Board "5"]

1. e4 c5 2. c3 e5 3. Nf3 Nc6 4. Bc4 Be7 5. O-O Nf6 6. d4 cxd4 7. cxd4 d6 8. Nc3 O-O 9. h3 h6 10. Be3 a6 11. d5 Nb8 12. a4 Nbd7 13. a5 Kh8 14. b4 Nh7 15. Bd3 Ng5 16. Nd2 Nh7 17. Nc4 Bg5 18. Nxd6 Ndf6 19. Nc4 Bxe3 20. fxe3 Ng5 21. Kh2 Bd7 22. Nb6 Rb8 23. Qc2 Qe7 24. Rac1 Rbd8 25. Qb2 Nh5 26. b5 axb5 27. Bxb5 Bc8 28. Bd3 Nh7 29. Nb5 Qg5 30. Qf2 N7f6 31. Rc7 Kg8 32. Rfc1 Bg4 33. Rxb7 Nxe4 34. Bxe4 f5 35. Bf3 e4 36. Bd1 Bxd1 37. Rxd1 f4 38. exf4 Nxf4 39. Qg3 Qf6 40. Nd7 Rxd7 41. Rxd7 Nh5 42. Qd6 Qg5 43. Nc7 Rf2 44. Rg1 Nf4 45. Kh1 Rxg2 46. Qe6+ Nxe6 47. Rxg2 Qc1+ 48. Rg1 Qc3 49. Kh2 Nxc7 50. Rgxg7+ Kf8 0-1


[Site "https://www.chess.com"]

[Event "Titled Tuesday Blitz June 6 Late 2023"]
[White "Makarian, Rudik"]
[Black "Keymer, Vincent"]
[WhiteFideId "44105681"]
[BlackFideId "12940690"]
[WhiteElo "2451"]
[BlackElo "2669"]
[Result "1-0"]
[Round "9"]
[TimeControl "180+2"]
[Date "2023.06.07"]
[WhiteClock "0:00:05"]
[BlackClock "0:00:05"]
[Board "6"]

1. d4 Nf6 2. c4 e6 3. Nf3 d5 4. g3 Bb4+ 5. Bd2 Be7 6. Bg2 O-O 7. Qc2 c6 8. O-O Nbd7 9. Bf4 a5 10. Rd1 h6 11. h4 Ng4 12. b3 f5 13. Nc3 Qe8 14. Bc7 Qh5 15. e3 g5 16. Ne2 Ndf6 17. Ne5 Nxe5 18. dxe5 Ng4 19. Qd3 f4 20. exf4 Bc5 21. Rf1 gxh4 22. Bd6 Bxd6 23. exd6 Rf7 24. Bh3 Rg7 25. Bxg4 Qxg4 26. f3 Qh3 27. Rf2 hxg3 28. Rg2 Bd7 29. Qd4 Rf8 30. c5 Rf5 31. Re1 Rg6 32. Kf1 e5 33. Qc3 Kh7 34. Ng1 Qh5 35. Rxe5 Rgf6 36. Re7+ Rf7 37. Rxg3 Rxf4 38. Rg7+ Kh8 39. Rgxf7+ Kg8 40. Rg7+ Kf8 41. Rg8+ Kxg8 42. Qg7# 1-0


[Site "https://www.chess.com"]

[Event "Titled Tuesday Blitz June 6 Late 2023"]
[White "Ibarra Jerez, Jose Carlos"]
[Black "Sarana, Alexey"]
[WhiteFideId "2226332"]
[BlackFideId "24133795"]
[WhiteElo "2631"]
[BlackElo "2714"]
[Result "1-0"]
[Round "9"]
[TimeControl "180+2"]
[Date "2023.06.07"]
[WhiteClock "0:00:32"]
[BlackClock "0:00:57"]
[Board "7"]

1. e4 c5 2. c3 Nf6 3. e5 Nd5 4. d4 cxd4 5. cxd4 d6 6. f4 Nc6 7. Nc3 e6 8. Nf3 Be7 9. Bd3 dxe5 10. fxe5 f5 11. exf6 Bxf6 12. O-O O-O 13. Be4 Nce7 14. Bg5 Nxc3 15. bxc3 Nd5 16. Bxf6 Nxf6 17. Qd3 Bd7 18. Ne5 Qc7 19. Rxf6 Rxf6 20. Bxh7+ Kf8 21. Be4 Be8 22. Qh3 Ke7 23. Rb1 Rb8 24. Qg3 Kd8 25. Bc6 bxc6 26. Rxb8+ Ke7 27. Qxg7+ Bf7 28. Qf8# 1-0


[Site "https://www.chess.com"]

[Event "Titled Tuesday Blitz June 6 Late 2023"]
[White "Gadimbayli, Abdulla"]
[Black "Lazavik, Denis"]
[WhiteFideId "13404938"]
[BlackFideId "13515110"]
[WhiteElo "2386"]
[BlackElo "2560"]
[Result "0-1"]
[Round "9"]
[TimeControl "180+2"]
[Date "2023.06.07"]
[WhiteClock "0:00:10"]
[BlackClock "0:00:22"]
[Board "8"]

1. e4 c5 2. Nf3 e6 3. d4 cxd4 4. Nxd4 Nc6 5. Nc3 Qc7 6. Be3 a6 7. Qd2 Nf6 8. f4 Bb4 9. Bd3 Ng4 10. Bg1 b5 11. Nxc6 dxc6 12. e5 Bb7 13. O-O-O O-O-O 14. Qe2 Bxc3 15. Qxg4 Bb4 16. a3 Bf8 17. Be4 Rxd1+ 18. Qxd1 Be7 19. Be3 c5 20. Bxb7+ Qxb7 21. Qg4 g6 22. Rd1 h5 23. Qe2 Rd8 24. Rxd8+ Kxd8 25. Qd2+ Ke8 26. b3 Qe4 27. Kb2 a5 28. Qd3 Qc6 29. Bd2 c4 30. bxc4 bxc4 31. Qf3 Qb5+ 32. Ka2 Qa6 33. h3 h4 34. Be1 Kf8 35. Qg4 c3 36. Bxc3 Qc4+ 37. Kb2 Bxa3+ 38. Kxa3 Qxc3+ 39. Ka2 Qxc2+ 40. Ka3 a4 41. Qf3 Kg7 42. Kb4 Qb3+ 43. Qxb3 axb3 44. Kxb3 g5 45. fxg5 Kg6 46. Kc4 Kxg5 47. Kc5 Kf4 48. Kd6 Kf5 49. Ke7 Kxe5 50. Kxf7 Kf5 0-1


[Site "https://www.chess.com"]

[Event "Titled Tuesday Blitz June 6 Late 2023"]
[White "Fernandez Guillen, Ernesto J."]
[Black "Hakobyan, Aram"]
[WhiteFideId "3512428"]
[BlackFideId "13306677"]
[WhiteElo "2434"]
[BlackElo "2584"]
[Result "1-0"]
[Round "9"]
[TimeControl "180+2"]
[Date "2023.06.07"]
[WhiteClock "0:01:49"]
[BlackClock "0:01:15"]
[Board "9"]

1. e4 g6 2. d4 Bg7 3. Nc3 c5 4. Nf3 cxd4 5. Nxd4 Nc6 6. Be3 Nf6 7. Bc4 O-O 8. Bb3 d6 9. f3 Qa5 10. Qd2 Nxd4 11. Bxd4 Be6 12. h4 b5 13. h5 Bxb3 14. cxb3 b4 15. Nd5 e5 16. Ne7+ Kh8 17. h6 exd4 18. hxg7+ Kxg7 19. Qh6+ Kh8 20. Nd5 Nh5 21. Rxh5 1-0


[Site "https://www.chess.com"]

[Event "Titled Tuesday Blitz June 6 Late 2023"]
[White "Daggupati, Balaji"]
[Black "Bortnyk, Mykola"]
[WhiteFideId "2090759"]
[BlackFideId "14120836"]
[WhiteElo "2747"]
[BlackElo "2592"]
[Result "0-1"]
[Round "9"]
[TimeControl "180+2"]
[Date "2023.06.07"]
[WhiteClock "0:00:29"]
[BlackClock "0:01:19"]
[Board "10"]

1. e4 Nf6 2. e5 Nd5 3. d4 d6 4. c4 Nb6 5. exd6 exd6 6. Nf3 Bg4 7. Be2 Be7 8. O-O O-O 9. Be3 Nc6 10. Nbd2 Bf6 11. h3 Bh5 12. Rc1 Re8 13. Re1 h6 14. Qb3 Rb8 15. d5 Ne7 16. Ne4 Nexd5 17. Nxf6+ Nxf6 18. c5 dxc5 19. Rxc5 Nbd5 20. Bd4 c6 21. Bf1 Rxe1 22. Nxe1 Qd6 23. Nf3 b6 24. Rc1 Re8 25. Nd2 c5 26. Nc4 Qf4 27. Be3 Nxe3 28. Nxe3 Ne4 29. Qc2 Nxf2 30. Qxf2 Qxe3 31. Bc4 Qxc1+ 0-1


[Site "https://www.chess.com"]

[Event "Titled Tuesday Blitz June 6 Late 2023"]
[White "Narayanan.S.L"]
[Black "Prohaszka, Peter"]
[WhiteFideId "5058422"]
[BlackFideId "726265"]
[WhiteElo "2563"]
[BlackElo "2626"]
[Result "0-1"]
[Round "9"]
[TimeControl "180+2"]
[Date "2023.06.07"]
[WhiteClock "0:00:05"]
[BlackClock "0:00:09"]
[Board "11"]

1. b3 d5 2. Bb2 Bf5 3. Nf3 e6 4. g3 h6 5. Bg2 Nf6 6. O-O Be7 7. d3 c5 8. Nbd2 Nc6 9. e4 dxe4 10. dxe4 Bh7 11. Qe2 O-O 12. Rad1 Qc7 13. e5 Nd5 14. Ne4 Rfd8 15. a3 Nb6 16. c4 Nd7 17. Nd6 Ndxe5 18. Nxb7 Nxf3+ 19. Qxf3 Qxb7 20. Qxc6 Qxc6 21. Bxc6 Rac8 22. Ba4 Rb8 23. Be5 Rbc8 24. f3 Bf6 25. Bxf6 gxf6 26. Kf2 Kf8 27. Ke3 Ke7 28. Rxd8 Rxd8 29. Rc1 Rb8 30. Bb5 Rb6 31. Rd1 Rb7 32. b4 cxb4 33. axb4 a6 34. Bc6 Rxb4 35. Rd7+ Kf8 36. Kd4 Rb1 37. Ra7 Rc1 38. c5 Bc2 39. Bd7 Bd1 40. c6 Ba4 41. Rxa6 Bb5 42. Rb6 Rc4+ 43. Ke3 Rc5 44. f4 Ke7 45. Rb7 Kd6 46. Be8 Bxc6 47. Bxc6 Rxc6 48. Rxf7 Rc2 49. h4 f5 50. Rh7 Rc3+ 51. Kf2 Rc2+ 52. Kf3 Rc3+ 53. Kg2 Kd5 54. Rxh6 Rc2+ 55. Kh3 Rc1 56. Rg6 Kd6 57. Rg5 Ke7 58. Kg2 Kf6 59. h5 Kf7 60. Rg6 Rc2+ 61. Kh3 Rc1 62. Kh4 Rg1 63. Rh6 Ke7 64. Rg6 Kf7 65. Rh6 Ke7 66. Rh8 Kf6 67. Rf8+ Kg7 68. Ra8 Kf6 69. Rf8+ Kg7 70. Rc8 Kf6 71. Kh3 Rh1+ 72. Kg2 Rxh5 73. Rf8+ Kg7 74. Re8 Kf7 75. Ra8 Rh6 76. Ra7+ Kf6 77. Ra6 Rh7 78. Ra8 Rb7 79. Rf8+ Ke7 80. Rc8 Rb2+ 81. Kh3 Rb1 82. Rg8 Kf7 83. Ra8 Kf6 84. Rf8+ Kg7 85. Rc8 Kf6 86. Rc7 Ra1 87. Rd7 Rb1 88. Ra7 Rc1 89. Rb7 Rd1 90. Rc7 Rd2 91. Rc1 Rb2 92. Re1 Ra2 93. Rg1 Ra3 94. Rf1 Ra2 95. Rh1 Ra8 96. Kg2 Ra2+ 97. Kh3 Ke7 98. Rb1 Re2 99. Rb8 Kd6 100. Kh4 Re3 101. Rb1 Kd5 102. Rg1 Kd6 103. Kg5 Ke7 104. Kg6 Rd3 105. Rg2 Rc3 106. Kg7 Rb3 107. Kg6 Ra3 108. g4 fxg4 109. Re2 Ra8 110. f5 Rg8+ 111. Kh7 Rg5 112. Rxe6+ Kf7 113. Rg6 Rh5+ 114. Rh6 Rxh6+ 115. Kxh6 g3 116. Kg5 g2 117. Kf4 g1=Q 118. Ke5 Qg5 0-1


[Site "https://www.chess.com"]

[Event "Titled Tuesday Blitz June 6 Late 2023"]
[White "Rasulov, Vugar"]
[Black "Najer, Evgeniy"]
[WhiteFideId "13402390"]
[BlackFideId "4118987"]
[WhiteElo "2509"]
[BlackElo "2545"]
[Result "0-1"]
[Round "9"]
[TimeControl "180+2"]
[Date "2023.06.07"]
[WhiteClock "0:00:02"]
[BlackClock "0:00:05"]
[Board "12"]

1. e4 e5 2. Nf3 Nc6 3. Bb5 a6 4. Ba4 Nf6 5. O-O Be7 6. d3 d6 7. c4 O-O 8. Nc3 Bg4 9. Be3 Nd4 10. Bxd4 exd4 11. Ne2 Bxf3 12. gxf3 Nh5 13. Kh1 Bg5 14. Rg1 Qf6 15. Ng3 Nf4 16. b4 g6 17. Bc2 Rae8 18. b5 a5 19. Ne2 Re5 20. Nxd4 Kh8 21. Ne2 Nxe2 22. Qxe2 Bf4 23. Rg2 Rh5 24. Qf1 Qe5 25. d4 Qxd4 26. Rd1 Qf6 27. Rd5 Rh3 28. Bd1 Qh4 29. Qg1 Re8 30. Be2 Re5 31. Bf1 Rxf3 32. Be2 Rh3 33. Bd1 Rxe4 34. Rh5 Qxh5 35. Bxh5 Rxh5 36. Qa1+ Be5 37. Qc1 b6 38. Kg1 Reh4 39. Kf1 Bxh2 40. Rg5 Be5 41. Rxh5 Rxh5 42. Ke2 Kg7 43. Qe3 Rf5 44. Qd3 h5 45. Qd5 h4 46. Qg2 Rh5 47. Qh3 Bd4 48. Kf1 Bc5 49. Kg2 Rf5 50. f3 Rg5+ 51. Kf1 Rh5 52. Ke2 Bd4 53. f4 Bf6 54. Kf3 Rf5 55. Kg4 Rc5 56. Qf1 Rf5 57. Qd3 Kh7 58. Qe4 Kg7 59. Qc6 Rc5 60. Qe4 a4 61. Kh3 a3 62. Qd3 Rf5 63. Kg4 Rc5 64. Kh3 d5 65. Kg4 dxc4 66. Qxa3 c3 67. Qc1 c2 0-1


[Site "https://www.chess.com"]

[Event "Titled Tuesday Blitz June 6 Late 2023"]
[White "Simonian, Hrair"]
[Black "Svane, Rasmus"]
[WhiteFideId "13302337"]
[BlackFideId "4657101"]
[WhiteElo "2447"]
[BlackElo "2601"]
[Result "0-1"]
[Round "9"]
[TimeControl "180+2"]
[Date "2023.06.07"]
[WhiteClock "0:00:01"]
[BlackClock "0:01:13"]
[Board "13"]

1. e4 c6 2. d4 d5 3. Nc3 dxe4 4. Nxe4 Nf6 5. Nxf6+ exf6 6. c3 Bd6 7. Bd3 O-O 8. Qc2 Re8+ 9. Ne2 h5 10. O-O h4 11. h3 Nd7 12. Bd2 Nf8 13. Rae1 Be6 14. c4 Rc8 15. f4 b5 16. b3 bxc4 17. bxc4 Bd7 18. f5 Nh7 19. c5 Bb8 20. Bf4 Ng5 21. Qc4 Bxf4 22. Nxf4 Qa5 23. Rxe8+ Rxe8 24. d5 Re5 25. Rb1 cxd5 26. Qc1 Bc6 27. Rb8+ Kh7 28. Kh2 Qc7 29. Rf8 d4 30. Kh1 Re3 31. Ng6 Rxh3+ 32. Kg1 Qh2+ 0-1


[Site "https://www.chess.com"]

[Event "Titled Tuesday Blitz June 6 Late 2023"]
[White "benny_aizenberg"]
[Black "Durarbayli, Vasif"]
[BlackFideId "13402935"]
[WhiteElo "2729"]
[BlackElo "2551"]
[Result "0-1"]
[Round "9"]
[TimeControl "180+2"]
[Date "2023.06.07"]
[WhiteClock "0:00:01"]
[BlackClock "0:00:08"]
[Board "14"]

1. d4 Nf6 2. c4 e6 3. Nf3 b6 4. g3 Bb7 5. Bg2 Bb4+ 6. Bd2 Bxd2+ 7. Nbxd2 O-O 8. O-O c5 9. Qc2 cxd4 10. Nxd4 Bxg2 11. Kxg2 d5 12. Rfd1 Qc7 13. cxd5 Qxc2 14. Nxc2 Nxd5 15. Nd4 Rc8 16. Rac1 Na6 17. Ne4 Nc5 18. Nxc5 bxc5 19. Nb3 c4 20. Na5 c3 21. bxc3 Rxc3 22. Nc6 Kf8 23. e4 Rxc1 24. Rxc1 Nf6 25. e5 Nd5 26. Rb1 a6 27. Rb7 Rc8 28. Rb8 Rxb8 29. Nxb8 a5 30. a4 Nb4 31. Nd7+ Ke7 32. Nb6 Nd3 33. Nc4 Nc5 34. Nxa5 Nxa4 35. f4 Nb6 36. Kf3 f5 37. Ke3 h6 38. Kd4 g5 39. Nc6+ Kd7 40. Nb4 g4 41. Nd3 Nd5 42. Nc5+ Ke7 43. Kd3 h5 44. Ke2 h4 45. Kf2 h3 46. Kg1 Nb4 47. Kf2 Nd5 48. Kg1 Nc3 49. Kf2 Nb1 50. Kg1 Nd2 51. Nd3 Nf3+ 52. Kh1 Ke8 53. Nc5 Nd4 54. Nd3 Kd7 55. Nc5+ Kc6 56. Nd3 Kb5 57. Nc1 Kc4 58. Kg1 Kc3 59. Kf2 Kc2 60. Ne2 Nf3 61. Ng1 Nxh2 62. Ke2 Kc3 63. Ke3 Nf1+ 64. Kf2 h2 65. Kxf1 h1=Q 66. Kf2 Qa8 67. Ne2+ Kd3 68. Nc1+ Ke4 69. Ne2 Qa2 70. Ke1 Ke3 71. Nc3 Qd2+ 72. Kf1 Qxc3 73. Kg2 Qd2+ 74. Kg1 Kf3 75. Kh1 Qg2# 0-1


[Site "https://www.chess.com"]